 Dungeon Crawl Stone Soup version 0.30-a0-1124-g6e8f0f562f (webtiles) character file.

Game seed: 14591135536037254147

912 benadryl the Destroyer (level 7, -9/36 HPs)
             Began as a Deep Elf Fire Elementalist on Apr 23, 2023.
             Was an Initiate of Cheibriados.
             Mangled by Duvessa
             ... wielding a +0 short sword
              (17 damage)
             ... on level 5 of the Dungeon.
             The game lasted 00:10:57 (6427 turns).

benadryl the Destroyer (Deep Elf Fire Elementalist) Turns: 6427, Time: 00:10:58

Health: -9/36      AC:  2    Str:  6    XL:     7   Next: 82%
Magic:  1/13       EV: 12    Int: 23    God:    Cheibriados [......]
Gold:   170        SH:  0    Dex: 16    Spells: 9/12 levels left

rFire   + . .        d - +0 dagger (venom)
rCold   x . .        (no shield)
rNeg    . . .        a - +0 robe
rPois   .            (no helmet)
rElec   .            (no cloak)
rCorr   .            (no gloves)
SInv    .            (no boots)
Will    .....        (no amulet)
Stlth   ++           q - ring of fire
HPRegen 0.26/turn    (no ring)
MPRegen 0.13/turn

%: no passive effects
@: very slow
A: no striking features
a: Renounce Religion


You were on level 5 of the Dungeon.
You worshipped Cheibriados.
Cheibriados was noncommittal.
You visited 2 branches of the dungeon, and saw 6 of its levels.
You also visited: Sewer.

You collected 170 gold pieces.

Inventory:

Hand Weapons
 d - a +0 dagger of venom (weapon)
Missiles
 i - 3 curare-tipped darts
Armour
 a - a +0 robe (worn)
Jewellery
 q - a ring of fire (left hand)
Wands
 k - a wand of flame (7)
 t - a wand of polymorph (22)
Scrolls
 e - a scroll of teleportation
 g - a scroll of vulnerability
 m - 3 scrolls of blinking
 p - a scroll of magic mapping {unknown}
 u - a scroll of fear {unknown}
Potions
 c - a potion of flight {unknown}
 f - 4 potions of curing {@q1}
 h - a potion of invisibility
 j - a potion of berserk rage {unknown}
 l - a potion of might {unknown}
 n - a potion of brilliance {unknown}
 o - a potion of lignification {unknown}
 r - a potion of ambrosia {unknown}
 s - a potion of haste {unknown}
 v - a potion of mutation {unknown}


   Skills:
 - Level 2.4 Dodging
 - Level 2.4 Stealth
 - Level 3.0 Spellcasting
 * Level 9.1 Conjurations
 - Level 5.0 Fire Magic


You had 9 spell levels left.
You knew the following spells:

 Your Spells              Type           Power      Damage    Failure   Level
a - Foxfire               Conj/Fire      100%       2x1d9     1%          1
b - Scorch                Fire           78%        2d8       2%          2

Your spell library contained the following spells:

 Spells                   Type           Power      Damage    Failure   Level
 Flame Wave               Conj/Fire      52%        2d13      6%          4
 Inner Flame              Hex/Fire       22%        N/A       12%         3
 Volatile Blastmotes      Fire/Tloc      44%        2d13      12%         3
 Irradiate                Conj/Tmut      12%        3d15      45%         5
 Blade Hands              Tmut           1%         N/A       97%         5
 Dragon Form              Tmut           1%         N/A       100%        7


Dungeon Overview and Level Annotations

Branches:
Dungeon (5/15)             Temple (1/1) D:4           Sewer (visited)

Altars:
Cheibriados
Dithmenos
Elyvilon
Gozag
Hepliaklqana
Makhleb
Nemelex Xobeh
Qazlal
Uskayaw
Wu Jian
Xom
Zin

Shops:
D:2 [

Annotations:
D:2 exclusion: downstairs
D:5 Duvessa


Message History

You start resting.
You hear a shout! x2
You hear a distant slurping noise.
You hear a shout! x4
Duvessa is nearby!
Okay, then.
Casting: Scorch (safe; 2% risk of failure)
Confirm with . or Enter, or press ? or * to list all spells.
You can't see any susceptible monsters within range! (Use Z to cast anyway.)
Casting: Scorch (safe; 2% risk of failure)
Confirm with . or Enter, or press ? or * to list all spells.
You feel a surge of power!
You conjure some foxfire!
Casting: Foxfire (safe; 1% risk of failure)
Confirm with . or Enter, or press ? or * to list all spells.
You feel a surge of power!
Flames lash Duvessa.
Duvessa is lightly wounded.
Duvessa's fire resistance burns away.
The foxfire hits Duvessa!
Duvessa is burned terribly!
Duvessa is moderately wounded.
The foxfire hits Duvessa but does no damage.
Duvessa is moderately wounded.
Casting: Scorch (safe; 2% risk of failure)
Confirm with . or Enter, or press ? or * to list all spells.
You feel a surge of power!
Flames lash Duvessa.
Duvessa is burned terribly!
Duvessa is moderately wounded.
Duvessa barely misses you.
A scorpion comes into view.
Duvessa hits you with a +0 short sword!
Casting: Scorch (safe; 2% risk of failure)
Confirm with . or Enter, or press ? or * to list all spells.
You feel a surge of power!
Flames lash Duvessa.
Duvessa is burned terribly!
Duvessa is severely wounded.
Duvessa hits you with a +0 short sword!
Casting: Scorch (safe; 2% risk of failure)
Confirm with . or Enter, or press ? or * to list all spells.
You feel a surge of power!
Flames lash Duvessa but do no damage.
Duvessa hits you with a +0 short sword.
* * * LOW HITPOINT WARNING * * *
Duvessa hits you with a +0 short sword!
You die...

..............#
....#...#.....###
........#.......#
(...#.#W#.#.#...#
#.....).#.......#
##.....s#...#...#
#..............##
#.#....e.#####..#
.........@.......#
######...........#
##..........#
############


You could see Duvessa (berserk, combustible), a phantom and a scorpion.

Vanquished Creatures
  An ice beast (D:5)
  A black bear (D:5)
  4 kobold brigands (Sewer)
  Blork the orc (D:5)
  Dowan (D:5)
  2 hounds
  An iguana (D:4)
  A sleepcap (D:4)
  4 gnolls (D:4)
  5 adders
  2 river rats (Sewer)
  An ufetubus (D:5)
  5 worms
  2 dart slugs (D:4)
  2 orcs (D:4)
  16 endoplasms
  6 giant cockroaches
  4 goblins
  8 hobgoblins
  A jackal (D:4)
  11 quokkas
  14 ball pythons
  3 bats
  3 frilled lizards (D:2)
  13 kobolds
  6 rats
118 creatures vanquished.

Vanquished Creatures (others)
  73 foxfires
73 creatures vanquished.

Grand Total: 191 creatures vanquished

Notes
Turn   | Place    | Note
-------+----------+-------------------------------------------
     0 | D:1      | benadryl the Deep Elf Fire Elementalist began the quest for
                  | the Orb.
     0 | D:1      | Reached XP level 1. HP: 10/10 MP: 6/6
   381 | D:1      | Reached XP level 2. HP: 15/15 MP: 6/8
   537 | D:1      | Learned a level 2 spell: Scorch
  1374 | D:2      | Reached XP level 3. HP: 19/19 MP: 6/9
  1375 | D:2      | Reached skill level 5 in Fire Magic
  1825 | D:2      | Reached skill level 2 in Conjurations
  2056 | D:2      | Reached XP level 4. HP: 24/24 MP: 10/10
  2083 | D:2      | Found Iluy's Armour Boutique.
  2241 | D:3      | Found a faded altar of an unknown god.
  3303 | D:4      | Reached skill level 3 in Conjurations
  3312 | D:4      | Reached skill level 4 in Conjurations
  3312 | D:4      | Reached XP level 5. HP: 24/28 MP: 0/11
  3516 | D:4      | Found a glowing drain.
  3603 | Sewer    | Entered a sewer
  3778 | Sewer    | Reached skill level 5 in Conjurations
  3993 | Sewer    | Reached XP level 6. HP: 32/32 MP: 7/12
  3995 | Sewer    | Reached skill level 6 in Conjurations
  4543 | Sewer    | Reached skill level 7 in Conjurations
  4735 | D:4      | Reached XP level 7. HP: 30/36 MP: 5/13
  5833 | D:4      | Found a staircase to the Ecumenical Temple.
  5842 | Temple   | Entered the Ecumenical Temple
  5884 | Temple   | Became a worshipper of Cheibriados the Contemplative
  6025 | D:5      | Entered Level 5 of the Dungeon
  6025 | D:5      | Noticed Duvessa
  6025 | D:5      | Noticed Dowan
  6029 | D:5      | Killed Dowan
  6262 | D:5      | Reached skill level 8 in Conjurations
  6377 | D:5      | Noticed Blork the orc
  6391 | D:5      | Killed Blork the orc
  6398 | D:5      | Reached skill level 9 in Conjurations
  6427 | D:5      | Mangled by Duvessa

Illustrated notes

Levels and vault maps discovered:
D:1:      dpeg_arrival_signposts, layout_loops_ring
D:2:      layout_loops_corners, serial_shops, shop, moated_statue,
          minmay_liquid_box
D:3:      layout_basic, nicolae_ecumenical_oubliette
D:4:      minmay_chambers_of_twos, layout_cave_pods,
          minmay_temple_entry_nine_rooms, gup_sewer_entry_pipe
D:5:      layout_basic, serial_shops, nicolae_shop_real_fake_doors,
          hangedman_decor_lopped, uniq_blork_the_orc, uniq_duvessa
Temple:   regret_index_temple_chain_breaker

Skill      XL: |  1  2  3  4  5  6  7 |
---------------+----------------------+-----
Fire Magic     | 4 5 |  5.0
Conjurations   | 2 4 5 7 9 |  9.1
Dodging        | |  2.4
Stealth        | |  2.4
Spellcasting   | |  3.0

Action                     |  1- 3 |  4- 6 |  7- 9 || total
---------------------------+-------+-------+-------++-------
  Melee: Dagger            |     9 |    24 |     4 ||    37
   Cast: Foxfire           |    24 |    11 |     8 ||    43
         Scorch            |    24 |    64 |    38 ||   126
    Use: Scroll            |       |     7 |     2 ||     9
         Potion            |       |       |     1 ||     1
   Stab: Sleeping          |     2 |       |       ||     2
 Armour: Robe              |     2 |     7 |     2 ||    11
  Dodge: Dodged            |     7 |    29 |    14 ||    50

Table legend: (Time is in decaauts)
 A = Elapsed time spent in this place.
 B = Non-inter-level travel time spent in this place.
 C = Inter-level travel time spent in this place.
 D = Time resting spent in this place.
 E = Time spent auto-exploring this place.
 F = Levels seen in this place.
 G = Mean time per level.
                   A        B        C        D        E       F      G
               +--------+--------+--------+--------+--------+-----+--------+
         Total |   6646 |   6335 |    311 |   1581 |   3719 |   7 |  949.4 |
       Dungeon |   5323 |   5071 |    252 |   1128 |   3382 |   5 | 1064.6 |
        Temple |     61 |      2 |     59 |      0 |      0 |   1 |   61.0 |
         Sewer |   1262 |   1262 |      0 |    453 |    336 |   1 | 1262.0 |
               +--------+--------+--------+--------+--------+-----+--------+

Top non-repeatable levels by time:
     D:4: 1887 daAuts
   Sewer: 1262 daAuts
     D:1: 1174 daAuts
     D:2: 1086 daAuts
     D:3: 989 daAuts
     D:5: 184 daAuts
  Temple: 61 daAuts
